 Dungeon Crawl Stone Soup version 0.23-a0-703-gdf2d5e0 (webtiles) character file.

78239 Lanoc the Fencer (level 15, -7/122 HPs)
             Began as a Demonspawn Berserker on Jan 13, 2019.
             Was a High Priest of Trog.
             Killed by divine providence
             ... invoked by an orc priest
              (13 damage)
             ... on level 2 of the Orcish Mines.
             The game lasted 00:52:39 (18043 turns).

Lanoc the Fencer (Demonspawn Berserker)            Turns: 18043, Time: 00:52:41

Health: -7/122     AC: 25    Str: 26    XL:     15   Next: 17%
Magic:  15/15      EV: 20    Int:  8    God:    Trog [*****.]
Gold:   1322       SH:  0    Dex: 15    Spells: 14/14 levels left

rFire    + + .     SeeInvis .   P - +4 scimitar (elec)
rCold    x . .     Gourm    .   (no shield)
rNeg     . . .     Faith    +   O - +0 fire dragon scales
rPois    +         Spirit   .   E - +2 hat
rElec    .         Reflect  .   u - +2 cloak {rPois}
rCorr    +         Harm     .   (no gloves)
MR       ++++.                  w - +0 pair of boots of Ru {rCorr}
Stlth    +.........             o - amulet of faith
HPRegen  1.30/turn              s - +4 ring of strength
MPRegen  0.14/turn              N - +6 ring of protection

@: berserk cooldown, regenerating, slowed, very slow
A: antennae 2, repulsion field 2, foul stench 1, magic resistance 1,
nightstalker 1, rot immunity, MP-powered wands
a: Berserk, Trog's Hand, Brothers in Arms, Renounce Religion


You were on level 2 of the Orcish Mines.
You worshipped Trog.
Trog was extremely pleased with you.
You were very hungry.

You visited 3 branches of the dungeon, and saw 18 of its levels.

You collected 2032 gold pieces.
You spent 710 gold pieces at shops.

Inventory:

Hand Weapons
 t - a +4 antimagic great sword
 K - a +2 triple sword of protection
 P - a +4 scimitar of electrocution (weapon)
 Q - a +4 scimitar of flaming
Armour
 u - a +2 cloak of poison resistance (worn)
 w - the +0 pair of boots of Ru (worn) {rCorr}
   (You acquired it on level 13 of the Dungeon)

   It provides partial protection from all sources of acid and corrosion.
 E - a +2 hat (worn)
 O - +0 fire dragon scales (worn)
Jewellery
 o - an amulet of faith (around neck)
 p - an uncursed ring of flight
 s - a +4 ring of strength (left hand)
 D - a cursed amulet of inaccuracy {unknown}
 I - an uncursed amulet of the acrobat
 J - an uncursed ring of protection from magic
 N - a +6 ring of protection (right hand)
Wands
 d - a wand of iceblast (21)
 k - a wand of enslavement (16)
 l - a wand of digging (3)
 n - a wand of flame (27)
 S - a wand of disintegration (15)
Scrolls
 i - 6 scrolls of remove curse
 j - 3 scrolls of enchant armour
 m - 2 scrolls of magic mapping
 r - 4 scrolls of teleportation
 v - a scroll of blinking
 B - 2 scrolls of immolation
 H - a scroll of vulnerability {unknown}
Potions
 b - 4 potions of curing
 f - 3 potions of berserk rage
 g - a potion of haste
 h - a potion of heal wounds
 q - a potion of cancellation
 x - a potion of flight
 C - 2 potions of invisibility
 F - a potion of resistance
 G - a potion of might
 L - a potion of ambrosia
 M - 4 potions of agility
Miscellaneous
 y - a lightning rod (4/4)
 z - 2 boxes of beasts
 A - a phantom mirror
Comestibles
 a - 22 chunks of flesh
 c - 14 rations


   Skills:
 + Level 12.4 Fighting
 * Level 15.3 Long Blades
 + Level 11.4 Armour
 + Level 11.4 Dodging


You had 14 spell levels left.
You didn't know any spells.
Your spell library contained the following spells:

 Spells                   Type           Power        Failure   Level  Hunger
 Sandblast                Erth           #.....       67%         1    ##.....
 Passwall                 Tmut/Erth      #.......     82%         2    ###....
 Swiftness                Chrm/Air       #.......     82%         2    ###....
 Stone Arrow              Conj/Erth      #.....       96%         3    ####...
 Passage of Golubria      Tloc           N/A          100%        4    #####..
 Lee's Rapid Deconstruct  Erth           #.........   100%        5    ######.
 Darkness                 Hex            #.........   100%        6    #######
 Invisibility             Hex            #.......     100%        6    #######
 Iron Shot                Conj/Erth      #.........   100%        6    #######
 Statue Form              Tmut/Erth      #........    100%        6    #######


Dungeon Overview and Level Annotations

Branches:
Dungeon (15/15)            Temple (1/1) D:7            Lair (0/6) D:8
    Orc (2/2) D:10         Vaults (0/5) D:14         Depths (0/5) D:15
    Elf: Orc:2

Altars:
Ashenzari
Fedhas
Gozag
Nemelex Xobeh
Qazlal
Sif Muna
Xom
The Shining One

Shops:
D:4 *   D:10 [   D:12 !   D:13 :

Annotations:
D:6 2 transporters
D:15 3 runed doors


Innate Abilities, Weirdness & Mutations

You have a pair of antennae on your head.
You are surrounded by a moderate repulsion field. (EV +3)
You may emit foul miasma when damaged in melee.
You are slightly more attuned to the shadows.
You are immune to rotting.
You are resistant to hostile enchantments. (MR+)
You expend magic power (3 MP) to strengthen your wands.


Message History

An orc comes into view.
An orc high priest comes into view. It is wielding a +0 long sword.
The orc warrior shouts, "No!
I'll never do that again!"
The orc warlord begs, "Please!
I have a lot of children!"
The orc warlord cries, "Eeeeekkkk!"
You feel better.
The orc warlord seems to regain its courage.
An orc warrior comes into view. It is wielding a +0 war axe.
The orc high priest utters an invocation to Beogh.
The orc warrior shouts!
You hear a shout!
An orc priest comes into view. It is wielding a +0 club.
You hear a shout!
An orc wizard comes into view. It is wielding a +0 dagger.
The sixfirhy hits you but does no damage.
The ice devil hits you! The ice devil freezes you!!
You feel a terrible chill!
* * * LOW HITPOINT WARNING * * *
The orc high priest hits you but does no damage.
The orc priest invokes the aid of Beogh against you.
Beogh smites you!
You die...

##.#....................
#...................#...
#.............##########
##..o.........#
#.............# {
##........o...#
#............#
##.....o......
#.....4@3..o..
#.))..........
##............
#.............
##..........o.
##.)).).......
#..))().).....
##..)))))....o
#.....)).....


You could see an orc warlord, an orc high priest, an ice devil, a sixfirhy, an
orc warrior, an orc priest and an orc wizard.

Vanquished Creatures
  Frances (D:13)
  Gastronok (D:9)
  Roxanne (D:14)
  Louise (D:15)
  An orc warlord (Orc:2)
  2 ghouls (D:13)
  Azrael (D:15)
  Josephine (D:15)
  2 fire dragons
  Erolcha (D:9)
  A rakshasa (D:15)
  4 two-headed ogres
  A tengu warrior (D:15)
  2 ogre magi (D:15)
  3 orc high priests (Orc:2)
  2 skeletal warriors (D:13)
  An iron troll (D:14)
  A glowing orange brain (D:15)
  8 unseen horrors
  An obsidian statue (D:14)
  An orange crystal statue (D:14)
  7 orc knights
  Pikel (D:8)
  3 orc sorcerers (Orc:2)
  A harpy (shapeshifter) (D:15)
  13 ugly things
  4 manticores
  2 deep elf magi
  5 cyclopes
  Joseph (D:7)
  Psyche (D:11)
  2 gargoyles
  A komodo dragon (D:8)
  2 efreet
  3 meliai (D:13)
  2 hornets
  A meliai (shapeshifter) (D:15)
  9 trolls
  A merfolk (D:10)
  Prince Ribbit (D:8)
  A blink frog (shapeshifter) (D:12)
  15 slime creatures
  8 hippogriffs
  A raiju (shapeshifter) (D:15)
  A shadow (D:12)
  Sigmund (D:4)
  A water elemental (D:13)
  A wyvern (D:9)
  Eustachio (D:4)
  5 fire elementals
  2 hungry ghosts (D:10)
  6 wraiths
  21 yaks
  A steam dragon (shapeshifter) (D:15)
  2 wargs
  Menkaure (D:7)
  An acid dragon (D:14)
  A soldier ant (D:14)
  Duvessa (D:4)
  A hell hound (D:15)
  2 water moccasins
  A sky beast (D:14)
  A black bear (D:13)
  32 orc warriors
  6 ice beasts
  2 phantoms
  12 ogres
  14 centaurs
  A big kobold (shapeshifter) (D:14)
  3 big kobolds
  Blork the orc (D:4)
  11 bullfrogs
  2 wyvern zombies (D:13)
  4 scorpions
  Dowan (D:4)
  4 electric eels (D:13)
  11 wights
  5 howler monkeys
  3 crimson imps
  A bullfrog zombie (D:13)
  4 centaur zombies
  2 jellies
  2 quasits
  5 centaur skeletons
  9 hounds
  21 orc wizards
  Crazy Yiuf (D:6)
  19 orc priests
  4 bullfrog skeletons
  5 iguanas
  Terence (D:3)
  5 worker ants
  The ghost of Duffy the Conjurer, a weakling DsFE (D:3)
  A hound skeleton (D:6)
  A mummy (D:13)
  A worker ant zombie (D:9)
  6 gnolls (D:3)
  10 adders
  2 shadow imps
  An adder skeleton (D:6)
  A worm (D:4)
  A dart slug (D:3)
  2 leopard geckos
  113 orcs
  3 giant cockroaches
  6 goblins
  7 hobgoblins
  11 jackals
  4 quokkas
  10 bats
  5 frilled lizards
  20 kobolds
  A quokka skeleton (D:4)
  A quokka zombie (D:5)
  6 rats
  A bush (D:12)
579 creatures vanquished.

Vanquished Creatures (others)
  An orc priest (Orc:2)
  A plant (D:8)
2 creatures vanquished.

Grand Total: 581 creatures vanquished

Notes
Turn   | Place    | Note
-------+----------+-------------------------------------------
     0 | D:1      | Lanoc the Demonspawn Berserker began the quest for the Orb.
     0 | D:1      | Reached XP level 1. HP: 18/18 MP: 1/1
   179 | D:1      | Gained mutation: You have a pair of small antennae on your
                  | head. [demonic ancestry]
   179 | D:1      | Reached XP level 2. HP: 11/24 MP: 2/2
  1486 | D:2      | Reached XP level 3. HP: 25/29 MP: 3/3
  1502 | D:2      | Reached ** piety under Trog
  1502 | D:2      | Reached skill level 3 in Long Blades
  1829 | D:3      | Reached XP level 4. HP: 35/36 MP: 4/4
  1904 | D:3      | Noticed Terence
  1913 | D:3      | Killed Terence
  1913 | D:3      | Gained mutation: You are surrounded by a mild repulsion
                  | field. (EV +2) [demonic ancestry]
  1913 | D:3      | Reached XP level 5. HP: 37/42 MP: 5/5
  2317 | D:3      | Reached skill level 4 in Long Blades
  2634 | D:3      | Found a runed gate.
  2637 | D:3      | Found an opulent altar of Gozag.
  2638 | D:3      | Found a runed gate.
  2638 | D:3      | Found a runed gate.
  2638 | D:3      | Noticed Duffy's ghost (weakling DsFE)
  2661 | D:3      | Gained mutation: You are slightly more attuned to the
                  | shadows. [demonic ancestry]
  2661 | D:3      | Reached XP level 6. HP: 48/48 MP: 6/6
  2744 | D:3      | Killed Duffy's ghost
  2823 | D:3      | Reached *** piety under Trog
  3037 | D:4      | Noticed Dowan
  3051 | D:4      | Noticed Duvessa
  3053 | D:4      | Killed Dowan
  3076 | D:4      | Noticed Sigmund
  3082 | D:4      | Gained mutation: You expend magic power (3 MP) to
                  | strengthen your wands. [potion of mutation]
  3082 | D:4      | Gained mutation: You are resistant to hostile enchantments.
                  | (MR+) [potion of mutation]
  3093 | D:4      | Killed Sigmund
  3093 | D:4      | Reached skill level 5 in Long Blades
  3093 | D:4      | Gained mutation: You have a pair of antennae on your head.
                  | [demonic ancestry]
  3093 | D:4      | Reached XP level 7. HP: 45/55 MP: 7/7
  3116 | D:4      | HP: 2/55 [Duvessa/+0 short sword (5)]
  3118 | D:4      | Killed Duvessa
  3202 | D:4      | Noticed Eustachio
  3282 | D:4      | Killed Eustachio
  3282 | D:4      | Reached skill level 5 in Fighting
  3577 | D:4      | Found Eigyckem's Eclectic Emporium.
  4045 | D:4      | Reached XP level 8. HP: 38/62 MP: 8/8
  4051 | D:4      | Reached skill level 6 in Long Blades
  4079 | D:4      | Noticed Blork the orc
  4109 | D:4      | Killed Blork the orc
  4118 | D:5      | Entered Level 5 of the Dungeon
  4732 | D:6      | Reached **** piety under Trog
  4912 | D:6      | Found a transporter.
  4918 | D:6      | Found a transporter.
  4933 | D:6      | Reached skill level 7 in Long Blades
  5045 | D:6      | Noticed a kobold demonologist
  5243 | D:6      | Reached skill level 5 in Armour
  5243 | D:6      | Reached skill level 5 in Dodging
  5251 | D:6      | Gained mutation: You are surrounded by a moderate repulsion
                  | field. (EV +3) [demonic ancestry]
  5251 | D:6      | Reached XP level 9. HP: 62/69 MP: 9/9
  5380 | D:6      | Found a runed door.
  5384 | D:6      | Noticed Crazy Yiuf
  5390 | D:6      | Killed Crazy Yiuf
  6124 | D:7      | Found a staircase to the Ecumenical Temple.
  6137 | Temple   | Entered the Ecumenical Temple
  6202 | D:7      | Noticed Menkaure
  6207 | D:7      | Killed Menkaure
  6265 | D:7      | Noticed Joseph
  6285 | D:7      | Killed Joseph
  6285 | D:7      | Reached skill level 8 in Long Blades
  6747 | D:8      | Noticed Prince Ribbit
  6769 | D:8      | Killed Prince Ribbit
  6822 | D:8      | Noticed Pikel
  6833 | D:8      | Killed Pikel
  6833 | D:8      | Reached XP level 10. HP: 79/79 MP: 10/10
  6867 | D:8      | Found a blossoming altar of Fedhas.
  6877 | D:8      | Found a shattered altar of Ashenzari.
  6877 | D:8      | Found a deep blue altar of Sif Muna.
  6877 | D:8      | Found a stormy altar of Qazlal.
  6877 | D:8      | Found a sparkling altar of Nemelex Xobeh.
  6878 | D:8      | Found a shimmering altar of Xom.
  6980 | D:8      | Found a staircase to the Lair.
  7018 | D:8      | Reached skill level 9 in Long Blades
  7547 | D:9      | Noticed Erolcha
  7557 | D:9      | Killed Erolcha
  7581 | D:9      | Reached ***** piety under Trog
  7959 | D:9      | Reached skill level 10 in Long Blades
  8144 | D:9      | Noticed Gastronok
  8168 | D:9      | Killed Gastronok
  8168 | D:9      | Reached XP level 11. HP: 69/87 MP: 11/11
  8318 | D:10     | Entered Level 10 of the Dungeon
  8358 | D:10     | Received a gift from Trog
  8376 | D:10     | Killed an unseen horror
  8519 | D:4      | Bought a potion of experience for 550 gold pieces
  8520 | D:4      | Reached skill level 11 in Long Blades
  8520 | D:4      | Reached XP level 12. HP: 71/96 MP: 12/12
  8734 | D:10     | Noticed a two-headed ogre
  8739 | D:10     | Killed a two-headed ogre
  8963 | D:10     | Found Hubymief's Armour Emporium.
  8966 | D:10     | Found a staircase to the Orcish Mines.
  9137 | D:10     | Reached skill level 12 in Long Blades
  9775 | D:11     | Noticed Psyche
  9782 | D:11     | Killed Psyche
  9829 | D:11     | Reached skill level 10 in Fighting
  9949 | D:11     | Received a gift from Trog
 10386 | D:11     | Gained mutation: You are immune to rotting. [demonic
                  | ancestry]
 10386 | D:11     | Reached XP level 13. HP: 80/103 MP: 13/13
 10547 | D:12     | Found Orin's Distillery.
 10554 | D:12     | Bought 2 potions of might for 80 gold pieces
 10554 | D:12     | Bought a potion of ambrosia for 80 gold pieces
 10910 | D:12     | Found a glowing golden altar of the Shining One.
 11295 | D:12     | Noticed a fire dragon
 11417 | D:12     | Reached skill level 13 in Long Blades
 11701 | D:12     | Killed a fire dragon
 12031 | D:13     | Received a gift from Trog
 12136 | D:13     | Noticed a ghoul
 12155 | D:13     | Killed a ghoul
 12203 | D:13     | Found Orhawn's Book Boutique.
 12914 | D:13     | Reached skill level 10 in Armour
 12924 | D:13     | Reached skill level 10 in Dodging
 13338 | D:13     | Noticed Frances
 13350 | D:13     | Killed Frances
 13421 | D:13     | Noticed a ghoul
 13433 | D:13     | Killed a ghoul
 13818 | D:13     | Identified a scroll of acquirement
 13819 | D:13     | Got a pair of fine boots
 13825 | D:13     | Identified the +0 pair of boots of Ru {rCorr} (You acquired
                  | it on level 13 of the Dungeon)
 14070 | D:14     | Identified Roxanne's Disquisition on Stones
 14070 | D:14     | Noticed Roxanne
 14308 | D:14     | Killed Roxanne
 14308 | D:14     | Gained mutation: You may emit foul miasma when damaged in
                  | melee. [demonic ancestry]
 14308 | D:14     | Reached XP level 14. HP: 113/113 MP: 14/14
 14370 | D:14     | Reached skill level 14 in Long Blades
 14476 | D:14     | Received a gift from Trog
 15399 | D:14     | Found a gate to the Vaults.
 15462 | D:15     | Entered Level 15 of the Dungeon
 15462 | D:15     | Noticed Azrael
 15648 | D:15     | Killed Azrael
 15749 | D:15     | Found a runed gate.
 15749 | D:15     | Found a runed gate.
 15749 | D:15     | Found a runed gate.
 15755 | D:15     | Noticed a purple very ugly thing
 15755 | D:15     | Noticed a red very ugly thing
 15858 | D:15     | Noticed Louise
 16277 | D:15     | Killed Louise
 16610 | D:15     | Received a gift from Trog
 16643 | D:15     | Noticed Josephine
 16659 | D:15     | Killed Josephine
 16793 | D:15     | Reached skill level 15 in Long Blades
 16802 | D:15     | Found a staircase to the Depths.
 17062 | Orc:1    | Entered Level 1 of the Orcish Mines
 17345 | Orc:2    | Entered Level 2 of the Orcish Mines
 17699 | Orc:2    | Reached XP level 15. HP: 106/121 MP: 15/15
 17869 | Orc:2    | Noticed an orc warlord
 17887 | Orc:2    | Killed an orc warlord
 17991 | Orc:2    | Received a gift from Trog
 18010 | Orc:2    | Noticed an orc warlord
 18043 | Orc:2    | HP: 6/122 [ice devil[an orc high priest] (34)]
 18043 | Orc:2    | Killed from afar by an orc priest

Vault maps used:
D:1:      scummos_arrival_gate
D:3:      first_ration, ebering_ghost_gozag, serial_bayou_pond_e, uniq_terence
D:4:      nicolae_alphabet_shops, uniq_blork_the_orc, uniq_duvessa,
          uniq_sigmund, uniq_eustachio
D:5:      minmay_between
D:6:      gammafunk_wand_slinger, minmay_increasing_density,
          uniq_crazy_yiuf_cottage
D:7:      temple_pool_b, uniq_menkaure, uniq_joseph
D:8:      minitemple, david_lair_shrubbed, uniq_pikel, uniq_prince_ribbit1
D:9:      uniq_gastronok, uniq_erolcha
D:10:     orc_david_3, hangedman_fish_farm
D:11:     uniq_psyche
D:12:     basic_altar, serial_shops, nicolae_shop_statue_plus,
          kb_lookout_dungeons_type, minmay_evil_grid
D:13:     statuecave_lemuel, serial_undead, serial_undead_b, serial_undead_d,
          serial_undead_d, serial_undead_b, serial_shops, nicolae_shop_crystal,
          uniq_frances
D:14:     minmay_separated_statues, david_vaults_4,
          ebering_dispersal_statue_hall, kennysheep_generic_room_6, uniq_roxanne
D:15:     gammafunk_enter_depths_forms,
          ploomutoo_gammafunk_ghost_potion_laboratory, minmay_bent, uniq_louise,
          uniq_azrael, uniq_josephine
Temple:   nicolae_temple_elliptical
Orc:1:    serial_shops, shop
Orc:2:    st_orc_congregation, serial_shops,
          nicolae_shop_temple_entry_statues_fountains

Skill      XL: |  1  2  3  4  5  6  7  8  9 10 11 12 13 14 |
---------------+-------------------------------------------+-----
Armour         | 2 3 4 5 6 7 8 9 10 11 | 11.4
Dodging        | 2 3 4 5 6 7 8 9 10 11 | 11.4
Long Blades    | 3 4 5 7 8 10 11 12 13 15 | 15.3
Fighting       | 4 5 6 7 8 9 10 11 12 | 12.4

Action                   |  1- 3 |  4- 6 |  7- 9 | 10-12 | 13-15 || total
-------------------------+-------+-------+-------+-------+-------++-------
Melee: Falchion          |    84 |   157 |   239 |       |       ||   480
       Long sword        |       |       |    94 |   538 |   194 ||   826
       Scimitar          |       |       |       |       |   796 ||   796
Invok: Berserk           |     3 |    10 |    10 |     9 |    23 ||    55
       Trog's Hand       |       |     5 |     8 |     3 |    15 ||    31
       Brothers in Arms  |       |       |       |       |     3 ||     3
 Abil: Evoke Flight      |       |       |       |       |     1 ||     1
  Use: Potion            |       |     6 |     1 |     1 |     6 ||    14
       Scroll            |       |       |     5 |     8 |     8 ||    21
 Stab: Sleeping          |       |     2 |     4 |     4 |     1 ||    11
       Distracted        |       |       |       |     1 |       ||     1
  Eat: Chunk             |     5 |    14 |    22 |    26 |    38 ||   105
       Ration            |       |       |     1 |       |     4 ||     5
Armor: Animal skin       |     4 |       |       |       |       ||     4
       Ring mail         |    21 |    66 |    58 |   118 |    24 ||   287
       Fire dragon scale |       |       |       |       |   377 ||   377
Dodge: Dodged            |    54 |   180 |   257 |   430 |   880 ||  1801
       Rpst.: Falchion   |    16 |    57 |    59 |       |       ||   132
       Long sword        |       |       |    31 |   121 |    33 ||   185
       Scimitar          |       |       |       |       |   163 ||   163

Table legend:
 A = Non-vault XP
 B = Vault XP
 C = Vault XP percentage of total XP
 D = Non-vault monster count
 E = Vault monster count
 F = Vault count percentage of total count
                 A         B        C        D         E       F
            +---------+---------+-------+---------+---------+-------
      Total |   56095 |   43256 |  43.5 |     470 |     108 |  18.7
            +---------+---------+-------+---------+---------+-------
        D:1 |      28 |       0 |   0.0 |      17 |       0 |   0.0
        D:2 |      53 |       0 |   0.0 |      12 |       0 |   0.0
        D:3 |     372 |      57 |  13.3 |      48 |       5 |   9.4
        D:4 |     352 |     736 |  67.6 |      25 |       5 |  16.7
        D:5 |     390 |     167 |  30.0 |      17 |       3 |  15.0
        D:6 |     724 |     373 |  34.0 |      15 |       5 |  25.0
        D:7 |     425 |     635 |  59.9 |       7 |       2 |  22.2
        D:8 |     970 |    1265 |  56.6 |      21 |       3 |  12.5
        D:9 |    2844 |    3171 |  52.7 |      32 |       2 |   5.9
       D:10 |    5728 |     555 |   8.8 |      45 |       6 |  11.8
       D:11 |    6997 |     434 |   5.8 |      49 |       1 |   2.0
       D:12 |    3885 |    4973 |  56.1 |      14 |      10 |  41.7
       D:13 |    6574 |    6713 |  50.5 |      40 |       8 |  16.7
       D:14 |    9310 |    8173 |  46.7 |      30 |      15 |  33.3
       D:15 |    7243 |   13350 |  64.8 |      26 |      25 |  49.0
      Orc:1 |    1657 |       0 |   0.0 |      19 |       0 |   0.0
      Orc:2 |    8543 |    2654 |  23.7 |      53 |      18 |  25.4
            +---------+---------+-------+---------+---------+-------
